 Dungeon Crawl Stone Soup version 0.28-b1-70-g80dc712255 (webtiles) character file.

Game seed: 14110223303486938284

35 crazypyro the Skirmisher (level 3, -10/29 HPs)
             Began as a Demonspawn Fighter on Feb 3, 2022.
             Was a High Priest of Ignis.
             Mangled by Sigmund (12 damage)
             ... on level 2 of the Dungeon.
             The game lasted 00:01:47 (1336 turns).

crazypyro the Skirmisher (Demonspawn Fighter)       Turns: 1336, Time: 00:01:48

Health: -10/29     AC:  6    Str: 18    XL:     3   Next: 16%
Magic:  3/3        EV:  9    Int:  9    God:    Ignis [*****.]
Gold:   61         SH:  0    Dex: 12    Spells: 2/2 levels left

rFire   + . .      SeeInvis .   a - +0 war axe
rCold   . . .      Faith    .   c - +0 buckler
rNeg    . . .      Spirit   .   b - +0 scale mail
rPois   .          Reflect  .   (no helmet)
rElec   .          Harm     .   (no cloak)
rCorr   .          Rampage  .   (no gloves)
Will    .....                   (no boots)
Stlth   ..........              (no amulet)
HPRegen 0.09/turn               (no ring)
MPRegen 0.08/turn               (no ring)

@: confused
A: claws 1
a: Renounce Religion, Fiery Armour, Foxfire Swarm, Rising Flame


You were on level 2 of the Dungeon.
You worshipped Ignis.
Ignis was extremely pleased with you.
You visited 1 branch of the dungeon, and saw 2 of its levels.

You collected 61 gold pieces.

Inventory:

Hand Weapons
 a - a +0 war axe (weapon)
Armour
 b - a +0 scale mail (worn)
 c - a +0 buckler (worn)
Potions
 d - a potion of might
 e - a potion of curing {unknown}


   Skills:
 - Level 3.0 Fighting
 * Level 2.5 Axes
 + Level 3.0 Armour
 + Level 3.0 Shields


You had 2 spell levels left.
You didn't know any spells.
Your spell library was empty.

Dungeon Overview and Level Annotations

Branches:
Dungeon (2/15)

Altars:
Ignis

Annotations:
D:2 Sigmund


Innate Abilities, Weirdness & Mutations

You have sharp fingernails.


Message History

The dart slug bites you but does no damage.
You slash the dart slug!
You kill the dart slug!
You see here a dart slug corpse.
You barely miss the goblin. The goblin hits you but does no damage.
The goblin barely misses you.
You barely miss the goblin.
The goblin hits you with a +0 dagger of speed.
The goblin hits you but does no damage.
You slash the goblin!
You kill the goblin!
No target in view!
HP restored.
Things that are here:
a +0 dagger of speed; a goblin corpse Sigmund the Dreaded comes into view.
He is wielding a +0 scythe.
Sigmund shouts!
Sigmund is nearby!
Sigmund gestures wildly while chanting.
Sigmund flickers and vanishes!
Deactivating autopickup; reactivate with Ctrl-A.
You block something's attack.
You closely miss something. Something hits you.
You barely miss something.
You hear some strange, mumbled words.
A magic dart appears from out of thin air!
The magic dart hits you!
You barely miss something. Something hits you!
* * * LOW HITPOINT WARNING * * *
You hit something. Something hits you.
* * * LOW HITPOINT WARNING * * *
You miss something. Something hits you but does no damage. Something hits you.
* * * LOW HITPOINT WARNING * * *
You are confused.
You're too confused to move!
A puff of flame appears from out of thin air!
The puff of flame misses you.
You bump into the rock wall.
Something hits you!
You die...

..# #.#..#..##.#.######...
.# #.##...###.........^.
.# ##.###.......####..#
.####..# ##.###........#
...##.## #.# ##.......#
##....# ##.####...#...###
##....####..##....###....#
###............##.#
##.#.### #
#...#...##....@.# #.#...##
# #.....###..####.##
#..##..# # ......# .#
#..####...#.#####
.....#..#
#............†)..
....##...#
#.#########.....# ....#
...# #....### #####..
....# ... ####...## ##.
###..# ####. ##.#####....


There were no monsters in sight!

Vanquished Creatures
  3 dart slugs
  3 ball pythons (D:1)
  3 endoplasms (D:1)
  3 giant cockroaches (D:1)
  2 goblins
  A hobgoblin (D:1)
  6 jackals (D:1)
  A bat (D:1)
  A frilled lizard (D:1)
  2 rats (D:1)
25 creatures vanquished.

Notes
Turn   | Place    | Note
-------+----------+-------------------------------------------
     0 | D:1      | crazypyro the Demonspawn Fighter began the quest for the
                  | Orb.
     0 | D:1      | Reached XP level 1. HP: 18/18 MP: 1/1
    72 | D:1      | Discovered your monstrous ancestry.
    72 | D:1      | Gained mutation: You have sharp fingernails. [demonic
                  | ancestry]
    72 | D:1      | Reached XP level 2. HP: 24/24 MP: 2/2
   275 | D:1      | Found a faded altar of an unknown god.
   299 | D:1      | Prayed at the altar of an unknown god.
   299 | D:1      | Became a worshipper of Ignis, the Dying Flame
   951 | D:1      | Reached XP level 3. HP: 25/29 MP: 3/3
  1312 | D:2      | Noticed Sigmund
  1320 | D:2      | HP: 1/29 [something (6)]
  1336 | D:2      | Mangled by Sigmund

Illustrated notes

Levels and vault maps discovered:
D:1:      giann_forest_graveyard, layout_loops_ring,
          hellmonk_ecumenical_altar_blasted
D:2:      layout_rooms, uniq_sigmund

Skill      XL: |  1  2 |
---------------+-------+-----
Axes           | 2 |  2.5
Armour         | 3 |  3.0
Shields        | 3 |  3.0
Fighting       | |  3.0

Action                   || total
-------------------------++-------
Melee: War axe           ||    81
Armor: Scale mail        ||    56
Dodge: Dodged            ||    31
Block: Buckler           ||    17
